 Dungeon Crawl Stone Soup version 0.20-a0-454-g2b43fbb (webtiles) character file.

5343 ThermosAquaticus the Martial Artist (level 10, -9/73 HPs)
             Began as a Barachian Transmuter on Jan 8, 2017.
             Was a Priest of Cheibriados.
             Mangled by Psyche
             ... wielding a +4 dagger of chaos
              (19 damage)
             ... while paralysed by something
             ... on level 8 of the Dungeon.
             The game lasted 00:32:37 (10197 turns).

ThermosAquaticus the Martial Artist (BaTm)         Turns: 10197, Time: 00:32:38

Health: -9/73      AC:  2    Str: 19    XL:     10   Next: 65%
Magic:  14/14      EV:  5    Int: 22    God:    Cheibriados [***...]
Gold:   716        SH:  0    Dex: 24    Spells: 5/15 levels left

rFire  . . .     SeeInvis .       - Unarmed
rCold  . . .     Gourm    .     (armour currently unavailable)
rNeg   . . .     Faith    .     (shield currently unavailable)
rPois  x         Spirit   .     (helmet currently unavailable)
rElec  .         Reflect  .     (cloak currently unavailable)
rCorr  .         Harm     .     (gloves currently unavailable)
MR     .....                    (boots currently unavailable)
Stlth  ++........               (no amulet)
                                (no ring)
                                y - +4 ring of strength

@: paralysed, spider-form (expiring), very slightly contaminated, drained,
invisible, very slow
A: swims, (slowness 0), (strong legs 0)
a: End Transformation, Bend Time, Temporal Distortion, Renounce Religion


You were on level 8 of the Dungeon.
You worshipped Cheibriados.
Cheibriados was most pleased with you.
You were not hungry.
You were a venomous arachnid creature.
You visited 1 branch of the dungeon, and saw 8 of its levels.
You also visited: Ossuary.

You collected 716 gold pieces.

Inventory:

Missiles
 a - 92 arrows
Armour
 b - a +0 robe (melded)
 f - a +2 hat
 i - the +3 hat of Pondering (melded) {ponderous, MR+ MP+10 Int+5}
   (You took it off Gastronok on level 8 of the Dungeon)

   It affects your intelligence (+5).
   It affects your resistance to hostile enchantments.
   It affects your magic capacity (+10).
 l - a +0 pair of gloves (melded)
 u - a +1 pair of boots (melded)
 w - a +0 helmet
 F - a +1 cloak (melded)
Jewellery
 y - a +4 ring of strength (left front leg)
Scrolls
 h - 2 scrolls of amnesia
 k - 10 scrolls of remove curse
 m - a scroll of enchant weapon
 p - a scroll of immolation
 s - a scroll of fear
 t - a scroll of recharging
Potions
 e - a potion of cancellation
 j - a potion of mutation
 o - 2 potions of ambrosia {unknown}
 r - 4 potions of lignification
 v - 3 potions of brilliance
 x - a potion of agility {unknown}
 C - 4 potions of curing
 J - a potion of might {unknown}
Books
 c - a book of Changes

   Spells                             Type                      Level
   a - Beastly Appendage              Transmutation                1
   b - Sticks to Snakes               Transmutation                2
   c - Spider Form                    Transmutation/Poison         3
   d - Ice Form                       Ice/Transmutation            4
   e - Blade Hands                    Transmutation                5
Comestibles
 d - a bread ration
 g - 7 fruits
 n - 3 chunks of flesh
 D - 5 meat rations


   Skills:
 - Level 4.4(4.1) Fighting
 * Level 8.5(8.0) Dodging
 + Level 9.4(9.0) Unarmed Combat
 - Level 3.1(2.7) Spellcasting
 - Level 5.8(5.4) Transmutations
 - Level 1.4(1.1) Ice Magic
 - Level 2.4(2.0) Poison Magic
 - Level 5.7(5.3) Invocations


You had 5 spell levels left.
You knew the following spells:

 Your Spells              Type           Power        Failure   Level  Hunger
a - Beastly Appendage     Tmut           ####..       6%          1    None
b - Sticks to Snakes      Tmut           ####....     8%          2    ##.....
c - Spider Form           Tmut/Pois      ###.......   28%         3    ###....
d - Ice Form              Ice/Tmut       ###.....     61%         4    ####...


Dungeon Overview and Level Annotations

Branches:
Dungeon (8/15)             Temple (0/1) D:7
   Lair: D:8-11

Altars:
Cheibriados
Dithmenos
Fedhas
Hepliaklqana
Kikubaaqudgha
Nemelex Xobeh
Okawaru
Ru
Xom
Yredelemnul
Zin
The Shining One

Shops:
D:5 :

Annotations:
D:8 Psyche


Innate Abilities, Weirdness & Mutations

You can swim through water.
((You cover ground slowly.))
((You can hop short distances.))


Message History

The orc wizard blinks!
You hit something but do no damage. Something hits you.
You suddenly lose the ability to move!
Something hits you but does no damage. Something hits you but does no damage.
You fade into invisibility!
You are very lightly contaminated with residual magic.
Something hits you!
You feel drained.
Your transformation is almost over.
Something hits you! Something burns you. Something hits you!
The orc wizard gestures wildly while chanting.
Something hits you!
* * * LOW HITPOINT WARNING * * *
The orc wizard casts a spell at you.
The magic dart hits the orc.
The orc dies!
Something hits you.
* * * LOW HITPOINT WARNING * * *
You are electrocuted!
You die...

#.# ######.#### #.# #.#
#......# #.# #.####......#
#.#
#..........#########.######
#####......)..............##
#####
#..)..o.########.####...
##...# #...###o# #.####.##
...#.######### #{# #.##.....
.........# #s# #.##.#.##
###.####.# #.# #.##.#.## #
#..w...# ##.## #........ #
#####..# #...# ##...#### ###
#..# #...###### #.### # ..#
#..# #........###.###### #.#
#..######...###...........#
#.#
##...#.............#..#.##.#
#.#
#................(.#......>.


You could see an orc wizard and an orc.

Vanquished Creatures
  Gastronok (D:8)
  The ghost of removeelyvilon the Insei, a novice MfTm of Elyvilon (D:6)
  Prince Ribbit (D:7)
  A sky beast (D:3)
  2 black bears (D:8)
  2 phantoms
  An ogre (D:5)
  2 centaurs (D:8)
  2 big kobolds (D:8)
  5 bullfrogs
  Blork the orc (D:5)
  2 scorpions
  6 killer bees (D:8)
  A wight (D:7)
  2 howler monkeys (D:4)
  4 crimson imps
  A bullfrog zombie (D:7)
  4 centaur zombies
  A quasit (D:8)
  2 hounds
  5 orc priests
  2 jellies
  5 orc wizards
  2 bullfrog skeletons (D:5)
  2 iguanas (D:5)
  5 worker ants
  A big kobold zombie (Ossuary)
  A hound skeleton (D:5)
  2 mummies (Ossuary)
  11 adders
  A howler monkey skeleton (D:8)
  3 shadow imps
  An ooze (D:1)
  A dart slug (D:1)
  8 leopard geckos
  28 orcs
  12 bats
  6 giant cockroaches
  3 gnoll zombies (Ossuary)
  7 goblins
  11 hobgoblins
  8 jackals
  23 kobolds
  4 quokkas
  3 ball pythons
  5 frilled lizards
  4 goblin zombies (Ossuary)
  A hobgoblin zombie (Ossuary)
  3 orc zombies (Ossuary)
  A quokka skeleton (D:5)
  10 rats
  2 rat zombies (D:7)
223 creatures vanquished.

Vanquished Creatures (collateral kills)
  2 adders (D:2)
  A hobgoblin (D:2)
  A rat (D:2)
4 creatures vanquished.

Vanquished Creatures (others)
  An orc (D:8)
1 creature vanquished.

Grand Total: 228 creatures vanquished

Notes
Turn   | Place    | Note
-------+----------+-------------------------------------------
     0 | D:1      | ThermosAquaticus the Barachian Transmuter began the quest for the Orb.
     0 | D:1      | Reached XP level 1. HP: 15/15 MP: 3/3
   218 | D:1      | Reached XP level 2. HP: 18/21 MP: 5/5
   226 | D:1      | Learned a level 2 spell: Sticks to Snakes
   648 | D:1      | Reached skill level 4 in Unarmed Combat
   728 | D:1      | Reached XP level 3. HP: 17/26 MP: 6/6
  1610 | D:2      | Reached XP level 4. HP: 30/32 MP: 5/7
  1615 | D:2      | Learned a level 3 spell: Spider Form
  1880 | D:2      | Reached skill level 5 in Unarmed Combat
  2404 | D:2      | Reached skill level 1 in Poison Magic
  2694 | D:3      | Reached XP level 5. HP: 35/37 MP: 6/8
  3169 | D:3      | Noticed a sky beast
  3197 | D:3      | Killed a sky beast
  3197 | D:3      | Reached XP level 6. HP: 18/43 MP: 1/9
  3466 | D:4      | Reached skill level 6 in Unarmed Combat
  4071 | D:4      | Reached XP level 7. HP: 48/48 MP: 3/10
  4574 | D:5      | Entered Level 5 of the Dungeon
  4693 | D:5      | Noticed Blork the orc
  4701 | D:5      | Killed Blork the orc
  4899 | D:5      | Reached skill level 7 in Unarmed Combat
  5034 | D:5      | Found Xoxuaxt's Book Boutique.
  5547 | D:5      | Reached XP level 8. HP: 41/54 MP: 2/11
  5838 | D:6      | Noticed removeelyvilon's ghost (novice MfTm)
  5847 | D:6      | Killed removeelyvilon's ghost
  5847 | D:6      | Reached skill level 5 in Dodging
  5847 | D:6      | Reached skill level 8 in Unarmed Combat
  6043 | D:6      | Found a shadowy altar of Dithmenos.
  6488 | D:6      | Found a glowing silver altar of Zin.
  6542 | D:6      | Found an iron altar of Okawaru.
  6555 | D:6      | Reached skill level 9 in Unarmed Combat
  6563 | D:6      | Found an ancient bone altar of Kikubaaqudgha.
  6565 | D:6      | Found a sacrificial altar of Ru.
  6565 | D:6      | Found a shimmering altar of Xom.
  6565 | D:6      | Found a glowing golden altar of the Shining One.
  6566 | D:6      | Found a hazy altar of Hepliaklqana.
  6567 | D:6      | Found a snail-covered altar of Cheibriados.
  6568 | D:6      | Found a basalt altar of Yredelemnul.
  6569 | D:6      | Found a sparkling altar of Nemelex Xobeh.
  6570 | D:6      | Found a blossoming altar of Fedhas.
  6575 | D:6      | Became a worshipper of Cheibriados the Contemplative
  6971 | D:6      | Reached skill level 1 in Invocations
  7140 | D:7      | Reached XP level 9. HP: 49/59 MP: 5/12
  7341 | D:7      | Found a staircase to the Ecumenical Temple.
  7468 | D:7      | Found a sand-covered staircase.
  7481 | Ossuary  | Entered an ossuary
  7506 | Ossuary  | Reached skill level 5 in Transmutations
  7551 | Ossuary  | Learned a level 4 spell: Ice Form
  7578 | Ossuary  | Reached * piety under Cheibriados
  7923 | D:7      | Noticed Prince Ribbit
  7948 | D:7      | Killed Prince Ribbit
  8181 | D:7      | Reached skill level 1 in Ice Magic
  8487 | D:8      | Found a shimmering altar of Xom.
  8544 | D:8      | Noticed Gastronok
  9029 | D:8      | Reached ** piety under Cheibriados
  9219 | D:8      | HP: 4/93 [Gastronok (23)]
  9229 | D:8      | Killed Gastronok
  9229 | D:8      | Reached skill level 5 in Invocations
  9229 | D:8      | Reached XP level 10. HP: 27/73 MP: 14/14
  9913 | D:8      | Reached *** piety under Cheibriados
 10180 | D:8      | Noticed Psyche
 10193 | D:8      | Paralysed by something for 7 turns
 10197 | D:8      | Mangled by Psyche

Vault maps used:
D:1:      dpeg_arrival_erosion, minmay_distorted
D:3:      first_bread
D:4:      minmay_door_path
D:5:      serial_shops, shop, uniq_blork_the_orc
D:6:      minitemple, grunt_dithmenos_shadows, nrook_mini_backslash
D:7:      enter_ossuary_4, uniq_prince_ribbit1
D:8:      basic_altar, uniq_psyche, uniq_gastronok
Ossuary:  minmay_ossuary_gauntlet

Skill      XL: |  1  2  3  4  5  6  7  8  9 10 |
---------------+-------------------------------+-----
Unarmed Combat | 4 5 6 7 9 |  9.4
Poison Magic   | 1 2 |  2.4
Transmutations | 3 4 5 |  5.8
Dodging        | 4 5 7 8 |  8.5
Invocations    | 1 5 |  5.7
Spellcasting   | 3 |  3.1
Ice Magic      | 1 |  1.4
Fighting       | 4 |  4.4

Action                   |  1- 3 |  4- 6 |  7- 9 | 10-12 || total
-------------------------+-------+-------+-------+-------++-------
Melee: Unarmed           |   147 |   241 |   353 |   114 ||   855
       Headbutt          |     7 |     4 |       |       ||    11
       Kick              |     8 |     1 |       |       ||     9
       Punch             |     2 |     2 |     3 |     2 ||     9
 Cast: Beastly Appendage |    20 |    15 |     1 |       ||    36
       Sticks to Snakes  |     2 |     2 |     1 |     2 ||     7
       Spider Form       |       |     7 |    42 |     4 ||    53
 Abil: Hop               |     1 |     1 |     1 |       ||     3
Evoke: Wand              |       |     1 |       |       ||     1
  Use: Potion            |       |     4 |    11 |     1 ||    16
       Scroll            |       |     7 |    12 |       ||    19
 Stab: Sleeping          |       |     1 |       |       ||     1
  Eat: Chunk             |     4 |    10 |    14 |     2 ||    30
       Pizza             |       |       |     1 |       ||     1
       Beef jerky        |       |       |     1 |       ||     1
       Bread ration      |       |       |     1 |       ||     1
       Fruit             |       |       |     1 |       ||     1
Armor: Robe              |    45 |    57 |    25 |    20 ||   147
       Skin              |       |     5 |    19 |    39 ||    63
Dodge: Dodged            |    92 |   150 |   272 |   104 ||   618
